 Dungeon Crawl Stone Soup version 0.27-a0-1139-g28e009f8a6 (webtiles) character file.

Game seed: 5165923926633818189

1659 Zeld the Thrower (level 9, -2/56 HPs)
             Began as an Octopode Fighter on May 7, 2021.
             Was an Initiate of Okawaru.
             Slain by an orc wizard
             ... wielding a +0 dagger
              (5 damage)
             ... on level 5 of the Dungeon.
             The game lasted 00:15:32 (11307 turns).

Zeld the Thrower (Octopode Fighter)                Turns: 11307, Time: 00:15:32

Health: -2/56      AC:  1    Str: 18    XL:     9   Next: 0%
Magic:  9/9        EV: 11    Int: 10    God:    Okawaru [......]
Gold:   251        SH:  9    Dex: 12    Spells: 8/8 levels left

rFire    . . .     SeeInvis .   a - +0 war axe
rCold    . . .     Faith    .   b - +0 kite shield
rNeg     . . .     Spirit   .   (helmet restricted)
rPois    .         Reflect  .   (no amulet)
rElec    .         Harm     .   (no ring)
rCorr    .         Rampage  .   (no ring)
Will     .....                  (no ring)
Stlth    ++........             (no ring)
HPRegen  0.18/turn              (no ring)
MPRegen  0.11/turn              (no ring)
                                (no ring)
                                (no ring)

@: about to teleport
A: almost no armour, amphibious, 8 rings, camouflage 1, gelatinous body 1,
(nimble swimmer 1), tentacles
a: Renounce Religion


You were on level 5 of the Dungeon.
You worshipped Okawaru.
Okawaru was noncommittal.
You visited 2 branches of the dungeon, and saw 7 of its levels.
You also visited: Sewer.

You collected 251 gold pieces.

Inventory:

Hand Weapons
 a - a +0 war axe (weapon)
Missiles
 f - 62 poisoned darts (quivered)
 k - a boomerang
Armour
 b - a +0 kite shield (worn)
Scrolls
 d - 3 scrolls of enchant weapon {unknown}
 e - a scroll of blinking {unknown}
 g - a scroll of identify {unknown}
 h - a scroll of silence {unknown}
 i - 2 scrolls of torment {unknown}
 j - 4 scrolls of teleportation
 m - a scroll of summoning {unknown}
 n - a scroll of vulnerability {unknown}
 r - 3 scrolls of magic mapping {unknown}
 s - a scroll of fear {unknown}
 v - a scroll of noise {unknown}
 w - a scroll of brand weapon {unknown}
Potions
 l - a potion of brilliance {unknown}
 o - 2 potions of flight
 p - a potion of resistance {unknown}
 t - a potion of might
 u - 2 potions of lignification {unknown}


   Skills:
 - Level 3.1 Fighting
 - Level 2.2 Axes
 * Level 10.8 Throwing
 - Level 3.0 Dodging
 - Level 3.1 Shields


You had 8 spell levels left.
You didn't know any spells.
Your spell library contained the following spells:

 Spells                   Type           Power      Damage    Failure   Level
 Foxfire                  Conj/Fire      0%         2x1d4     87%         1
 Summon Small Mammal      Summ           0%         N/A       87%         1
 Call Imp                 Summ           0%         N/A       95%         2
 Call Canine Familiar     Summ           0%         N/A       99%         3
 Conjure Flame            Conj/Fire      0%         6-21      99%         3
 Inner Flame              Hex/Fire       0%         N/A       99%         3
 Summon Guardian Golem    Hex/Summ       0%         N/A       99%         3
 Sticky Flame             Conj/Fire      0%         2d3       100%        4
 Summon Ice Beast         Ice/Summ       0%         N/A       100%        4
 Summon Lightning Spire   Summ/Air       0%         N/A       100%        4
 Fireball                 Conj/Fire      0%         3d3       100%        5


Dungeon Overview and Level Annotations

Branches:
Dungeon (6/15)             Temple (1/1) D:5           Sewer (visited)

Altars:
Ashenzari
Dithmenos
Elyvilon
Fedhas
Gozag
Hepliaklqana
Kikubaaqudgha
Makhleb
Nemelex Xobeh
Okawaru
Qazlal
Ru
Sif Muna
Trog
Uskayaw
Wu Jian
Xom
Yredelemnul
Zin
The Shining One


Innate Abilities, Weirdness & Mutations

You cannot wear most types of armour.
You are amphibious.
You can wear up to eight rings at the same time.
Your skin changes colour to match your surroundings (Stealth+).
Your rubbery body absorbs attacks. (AC +1, EV +1)
((You are camouflaged near water. (Stealth+)))
You have tentacles for arms and can constrict up to eight enemies at once.


Message History

You hit the orc but do no damage. You hit something but do no damage.
You closely miss the orc. You constrict the orc priest.
You kill the orc priest!
Okawaru accepts your kill. Something barely misses you.
You block the orc's attack. The orc hits you with a +0 dagger.
Something hits you. You block the orc's attack.
The orc hits you with a +0 dagger.
You have reached level 9!
Your experience leads to an increase in your attributes!
Increase (S)trength, (I)ntelligence, or (D)exterity?
You feel stronger.
You closely miss something. You hit the orc. You hit the orc but do no damage.
Something hits you.
* * * LOW HITPOINT WARNING * * *
You block the orc's attack. x2; Something completely misses you.
The orc barely misses you. The orc hits you with a +0 dagger.
* * * LOW HITPOINT WARNING * * *
Unknown command.
The orc hits you with a +0 mace.
* * * LOW HITPOINT WARNING * * *
Something hits you.
* * * LOW HITPOINT WARNING * * *
You hear some strange, mumbled words.
A puff of flame appears from out of thin air!
You block the puff of flame.
An orc wizard appears from thin air!
Reactivating autopickup.
The orc wizard gestures at you while chanting.
You are confused.
The orc wizard casts a spell at you. The magic dart hits you.
* * * LOW HITPOINT WARNING * * *
You feel less confused.
The orc wizard hits you with a +0 dagger.
* * * LOW HITPOINT WARNING * * *
There is a stone staircase leading up here.
As you read the scroll of teleportation, it crumbles to dust.
You feel strangely unstable.
The orc wizard hits you with a +0 dagger.
You die...

#.#######.###########.#####.##...
......................# #.#####
....##..#.######.##########.#
###.##..#.# #.# #...##.#
#.......# #.# #......#
####..#.#### #.# #...####
#..#....# #.# ##.## #..####.# #.#
#..# #..# #.# #@# #.## #..####.#
#o# #<# #.......###o#####.#
#...........o...#.#
#........#####....# ###.......##
#....# ######.>).....###....###
### #.......[....<.........#
##.##
#.#####................###...##


You could see an orc wizard and 2 orcs.

Vanquished Creatures
  Grinder (D:3)
  Sigmund (D:5)
  A water moccasin (D:5)
  Purgy (Sewer)
  2 black bears
  An ogre (D:5)
  2 phantoms
  A scorpion (D:5)
  A water moccasin skeleton (D:2)
  A bullfrog skeleton (D:5)
  A jelly (D:5)
  2 orc priests
  Crazy Yiuf (D:3)
  2 hounds
  Ijyb (D:4)
  An iguana (D:5)
  Natasha (thrice) (D:3)
  3 orc wizards
  A hound skeleton (D:5)
  7 adders
  2 river rats (D:4)
  An adder skeleton (D:4)
  A worm (D:2)
  2 dart slugs
  12 orcs
  14 ball pythons
  6 endoplasms
  8 goblins
  5 hobgoblins
  6 jackals
  3 quokkas
  3 bats
  6 frilled lizards
  6 kobolds
  4 rats
113 creatures vanquished.

Notes
Turn   | Place    | Note
-------+----------+-------------------------------------------
     0 | D:1      | Zeld the Octopode Fighter began the quest for the Orb.
     0 | D:1      | Reached XP level 1. HP: 16/16 MP: 1/1
   137 | D:1      | Found a faded altar of an unknown god.
   226 | D:1      | Reached XP level 2. HP: 15/21 MP: 2/2
   481 | D:1      | Reached skill level 1 in Throwing
  1178 | D:2      | Reached skill level 2 in Throwing
  1178 | D:2      | Reached XP level 3. HP: 14/26 MP: 3/3
  2448 | D:2      | Reached skill level 3 in Throwing
  2448 | D:2      | Reached XP level 4. HP: 15/31 MP: 4/4
  2617 | D:2      | Reached skill level 4 in Throwing
  2852 | D:2      | Reached XP level 5. HP: 36/36 MP: 5/5
  3335 | D:3      | Noticed Natasha
  3339 | D:3      | Killed Natasha
  3425 | D:3      | Noticed Natasha
  3431 | D:3      | Killed Natasha
  3440 | D:3      | Noticed Natasha
  3445 | D:3      | Killed Natasha
  3446 | D:3      | Reached skill level 5 in Throwing
  3848 | D:3      | Found a runed translucent door.
  3849 | D:3      | Noticed Crazy Yiuf
  3919 | D:3      | Noticed Grinder
  3927 | D:3      | Killed Grinder
  3928 | D:3      | Reached skill level 6 in Throwing
  3928 | D:3      | Reached XP level 6. HP: 30/42 MP: 6/6
  4415 | D:3      | Killed Crazy Yiuf
  4416 | D:3      | Reached XP level 7. HP: 36/46 MP: 7/7
  4632 | D:4      | Found a broken altar of Ashenzari.
  4680 | D:4      | Noticed Ijyb
  5047 | D:4      | Killed Ijyb
  5048 | D:4      | Reached skill level 7 in Throwing
  5190 | D:4      | Found a glowing drain.
  5206 | Sewer    | Entered a sewer
  5358 | Sewer    | Noticed Purgy
  5526 | Sewer    | Killed Purgy
  6148 | D:5      | Entered Level 5 of the Dungeon
  6154 | D:5      | Reached skill level 8 in Throwing
  6908 | D:5      | Found a bloodstained altar of Trog.
  7250 | D:4      | Reached XP level 8. HP: 6/52 MP: 8/8
  8140 | D:5      | Reached skill level 9 in Throwing
  8342 | D:5      | Found a staircase to the Ecumenical Temple.
  8354 | Temple   | Entered the Ecumenical Temple
  8366 | Temple   | Became a worshipper of Warmaster Okawaru
  8504 | D:5      | HP: 1/52 [acid (8)]
  9332 | D:5      | Noticed Sigmund
  9457 | D:5      | Killed Sigmund
  9458 | D:5      | Reached skill level 10 in Throwing
 10481 | D:5      | HP: 2/52 [scorpion (6)]
 10493 | D:5      | HP: 2/52 [poisoned by a scorpion]
 11271 | D:5      | Reached XP level 9. HP: 19/56 MP: 9/9
 11293 | D:5      | HP: 1/56 [orc wizard/magic dart (6)]
 11307 | D:5      | Slain by an orc wizard

Illustrated notes

Levels and vault maps discovered:
D:1:      ncdulo_wetmaze, layout_basic, basic_ecumenical_altar, serial_forest,
          infiniplex_forest_zigzag_1, infiniplex_forest_fountain,
          infiniplex_forest_lined_4_way, infiniplex_forest_clump_medium
D:2:      layout_loops_ring
D:3:      layout_rooms, uniq_grinder, uniq_natasha, uniq_crazy_yiuf_cottage
D:4:      layout_rooms, nicolae_ashenzari_panopticon, portal_sewer_entry_b,
          uniq_ijyb
D:5:      layout_loops_ring, trog_ov_bears_minmay, minmay_temple_entry_arrows,
          uniq_sigmund
D:6:      layout_loops_ring, minmay_crystal_room, columned_hall_lemuel,
          hangedman_abyss_or_decor_stabs
Temple:   compressed_dpeg_circular_temple

Skill      XL: |  1  2  3  4  5  6  7  8 |
---------------+-------------------------+-----
Throwing       | 2 3 4 6 8 10 | 10.8
Fighting       | |  3.1
Axes           | |  2.2
Dodging        | |  3.0
Shields        | |  3.1

Action                   |  1- 3 |  4- 6 |  7- 9 || total
-------------------------+-------+-------+-------++-------
Melee: War axe           |    51 |    47 |   147 ||   245
       Constrict         |    12 |    19 |    30 ||    61
       Tentacles         |    10 |     9 |    27 ||    46
Throw: Boomerang         |       |     4 |    14 ||    18
       Dart              |       |     1 |    14 ||    15
  Use: Potion            |       |       |     7 ||     7
       Scroll            |       |       |     2 ||     2
 Stab: Sleeping          |    10 |     6 |     4 ||    20
Armor: Skin              |     8 |     3 |    10 ||    21
Dodge: Dodged            |    31 |    20 |    88 ||   139
Block: Kite shield       |    34 |    20 |    98 ||   152

Table legend: (Time is in decaauts)
 A = Elapsed time spent in this place.
 B = Non-inter-level travel time spent in this place.
 C = Inter-level travel time spent in this place.
 D = Time resting spent in this place.
 E = Time spent auto-exploring this place.
 F = Levels seen in this place.
 G = Mean time per level.
                   A        B        C        D        E       F      G
               +--------+--------+--------+--------+--------+-----+--------+
         Total |  11453 |  10962 |    491 |   4125 |   4718 |   8 | 1431.6 |
       Dungeon |  10725 |  10247 |    478 |   3984 |   4251 |   6 | 1787.5 |
        Temple |    103 |     90 |     13 |      0 |     78 |   1 |  103.0 |
         Sewer |    623 |    623 |      0 |    141 |    389 |   1 |  623.0 |
               +--------+--------+--------+--------+--------+-----+--------+

Top non-repeatable levels by time:
     D:5: 3087 daAuts
     D:4: 2865 daAuts
     D:2: 1849 daAuts
     D:1: 1816 daAuts
     D:3: 1048 daAuts
   Sewer: 623 daAuts
  Temple: 103 daAuts
     D:6: 58 daAuts
